 Dungeon Crawl Stone Soup version 0.28-a0-245-g639a1a48b9 (webtiles) character file.

Game seed: 1495072774129436859

3049 gorlok231 the Covered (level 9, -8/105 HPs)
             Began as a Deep Dwarf Ice Elementalist on Aug 24, 2021.
             Killed by the air
             ... invoked by Gastronok
              (22 damage)
             ... on level 9 of the Dungeon on Aug 25, 2021.
             The game lasted 01:12:51 (8721 turns).

gorlok231 the Covered (Deep Dwarf Ice Elementalist) Turns: 8721, Time: 01:12:51

Health: -8/105     AC: 24    Str: 14    XL:     9   Next: 57%
Magic:  16/22 (13) EV:  2    Int: 17    God:
Gold:   378        SH:  0    Dex: 19    Spells: 9/18 levels left

rFire   . . .      SeeInvis .   r - +2 war axe
rCold   . . .      Faith    .   (no shield)
rNeg    + + +      Spirit   .   (armour currently unavailable)
rPois   +          Reflect  .   (helmet currently unavailable)
rElec   .          Harm     .   (cloak currently unavailable)
rCorr   .          Rampage  .   (gloves currently unavailable)
Will    ++...      NoTele   +   (boots currently unavailable)
Stlth   +++.......              (no amulet)
HPRegen 0.00/turn               c - +6 ring of dexterity
MPRegen 0.18/turn               j - ring of magical power

@: tree-form, very slightly contaminated, hasted, invisible, very quick
A: stationary, stasis, torment immunity, boosted hp, damage resistance, heal
wounds, sense surroundings 2, no regeneration, frail 1, strong-willed 1,
mutation resistance 1, noise suppression
a: Heal Wounds


You were on level 9 of the Dungeon.
You were a tree.
You visited 1 branch of the dungeon, and saw 9 of its levels.

You collected 378 gold pieces.

Inventory:

Hand Weapons
 d - a +5 short sword
 m - a +0 shortbow
 r - a +2 war axe (weapon)
Missiles
 n - 5 arrows
Armour
 a - a +1 robe
 f - a +2 pair of boots (melded)
 h - a +0 ring mail (melded)
 o - a +2 pair of gloves (melded)
Jewellery
 c - a +6 ring of dexterity (left branch)
 j - a ring of magical power (right branch)
Wands
 i - a wand of iceblast (4)
Scrolls
 b - 7 scrolls of identify
 q - a scroll of teleportation
Potions
 e - a potion of lignification
 g - 2 potions of curing


   Skills:
 - Level 4.0 Fighting
 - Level 3.7(4.1) Axes
 - Level 2.0(2.9) Polearms
 * Level 2.8 Bows
 - Level 5.6 Armour
 - Level 4.1 Dodging
 + Level 4.3 Stealth
 + Level 0.1 Unarmed Combat
 - Level 5.0 Spellcasting
 + Level 1.8 Transmutations
 - Level 5.3 Ice Magic
 - Level 3.0 Earth Magic
 - Level 3.9 Evocations


You had 9 spell levels left.
You knew the following spells:

 Your Spells              Type           Power      Damage    Failure   Level
a - Freeze                Ice            88%        1d10      1%          1
b - Frozen Ramparts       Ice            44%        1d6       4%          3
c - Passwall              Tmut/Erth      10%        N/A       8%          2
d - Call Canine Familiar  Summ           4%         N/A       38%         3

Your spell library contained the following spells:

 Spells                   Type           Power      Damage    Failure   Level
 Ozocubu's Armour         Ice            22%        N/A       4%          3
 Portal Projectile        Hex/Tloc       8%         N/A       38%         3
 Swiftness                Air            4%         N/A       38%         3
 Tukima's Dance           Hex            4%         N/A       38%         3
 Hailstorm                Conj/Ice       13%        3d5       43%         4
 Leda's Liquefaction      Hex/Erth       4%         N/A       58%         4
 Passage of Golubria      Tloc           N/A        N/A       80%         4
 Yara's Violent Unravell  Hex/Tmut       3%         3d4       95%         5
 Invisibility             Hex            2%         N/A       100%        6


Dungeon Overview and Level Annotations

Branches:
Dungeon (9/15)             Temple (0/1) D:4
   Lair: D:8-11         Orc: D:9-12

Altars:
Ashenzari
Dithmenos
Okawaru
Qazlal
Xom
Yredelemnul
Zin
The Shining One

Annotations:
D:3 2 runed translucent doors, krigyl's ghost, weakling PaEn
D:9 Gastronok


Innate Abilities, Weirdness & Mutations

You are a tree.
Your roots penetrate the ground, keeping you stationary.
You cannot be teleported.
You are immune to unholy pain and torment.
Your maximum health is greatly increased.
Your equipment is partially melded.
You are resistant to damage.
You can heal yourself by infusing magical energy.
You passively map the area around you.
You do not regenerate.
You are frail. (-10% HP)
You are strong-willed. (Will+)
You are somewhat resistant to further mutation.
You passively dampen the noise of your surroundings.


Message History

The frozen ramparts melt away.
Gastronok bites you!!
* * * LOW HITPOINT WARNING * * *
Casting: Freeze (safe; 1% risk of failure)
Confirm with . or Enter, or press ? or * to list all spells.
Aiming: Freeze (safe; 1% risk of failure)
Press: ? - help, Shift-Dir - straight line, f/p - Gastronok
Aim: Gastronok, wearing a +2 hat (moderately wounded, covering ground quickly)
You miscast Freeze.
Nothing appears to happen.
Unknown command.
Casting: Freeze (safe; 1% risk of failure)
Confirm with . or Enter, or press ? or * to list all spells.
Aiming: Freeze (safe; 1% risk of failure)
Press: ? - help, Shift-Dir - straight line, f/p - Gastronok
Aim: Gastronok, wearing a +2 hat (moderately wounded, covering ground quickly)
You freeze Gastronok!
Gastronok is moderately wounded.
Unknown command.
r - a +2 war axe (weapon)
Gastronok bites you but does no damage.
Unknown command.
You hit Gastronok.
Gastronok is moderately wounded.
You slash Gastronok!
Gastronok is heavily wounded.
You slash Gastronok!
Gastronok is heavily wounded.
Gastronok bites you.
* * * LOW HITPOINT WARNING * * *
You slash Gastronok!
Gastronok is heavily wounded.
You hit Gastronok.
Gastronok is severely wounded.
Gastronok gurgles, "I bet you'll be tasty."
Gastronok bites you.
You slash Gastronok!
Gastronok is severely wounded.
You hit Gastronok.
Gastronok is severely wounded.
Gastronok waves his eye-stalks in wide circles.
You die...

############
#..........#
#..........#
#.......^..# ######* #
#..........# #.... .
#..........# #..#####.
##†.........####....#...
#....>......)...........
#....(w♣....#)..###...##
#.....###...............
#.....# #########.#..<†#
#.....# #.#..#.. #.....#
#,#..... #...w.# #.....
#.....# ** ######
#.....# *, * #.....# , ,


You could see Gastronok (swift).

Vanquished Creatures
  2 nameless horrors
  A wyvern (D:9)
  2 steam dragons
  An acid dragon (D:6)
  A water moccasin (D:8)
  A hornet zombie (D:6)
  A necrophage (D:5)
  2 black bears
  A centaur (D:8)
  3 ogres
  2 phantoms (D:6)
  3 bullfrogs
  A gnoll sergeant (D:6)
  2 scorpions (D:6)
  A wyvern zombie (D:7)
  A wyvern skeleton (D:6)
  2 water moccasin skeletons
  3 killer bees (D:8)
  4 wights (D:8)
  A centaur skeleton (D:5)
  2 hounds
  A gnoll shaman (D:5)
  2 jellies
  5 iguanas
  Jessica (D:2)
  5 orc wizards
  A scorpion zombie (D:3)
  A killer bee zombie (D:7)
  Robin (D:2)
  4 adders
  7 gnolls (D:5)
  A shadow imp (D:6)
  A worm (D:4)
  A dart slug (D:1)
  10 orcs
  3 endoplasms
  A giant cockroach (D:1)
  9 goblins
  6 hobgoblins
  2 jackals (D:4)
  7 kobolds
  4 quokkas
  3 ball pythons
  4 bats
  4 frilled lizards
  A giant cockroach zombie (D:3)
  4 rats
126 creatures vanquished.

Vanquished Creatures (others)
  A wight (D:8)
1 creature vanquished.

Grand Total: 127 creatures vanquished

Notes
Turn   | Place    | Note
-------+----------+-------------------------------------------
     0 | D:1      | gorlok231 the Deep Dwarf Ice Elementalist began the quest
                  | for the Orb.
     0 | D:1      | Reached XP level 1. HP: 15/15 MP: 3/3
   283 | D:1      | Reached XP level 2. HP: 10/22 MP: 2/4
   818 | D:1      | Found a faded altar of an unknown god.
  1299 | D:2      | Found a broken altar of Ashenzari.
  1505 | D:2      | Noticed Robin
  1522 | D:2      | Reached XP level 3. HP: 5/28 MP: 5/5
  1544 | D:2      | Killed Robin
  1717 | D:2      | Noticed Jessica
  1733 | D:2      | Killed Jessica
  1734 | D:2      | Reached skill level 1 in Fighting
  1734 | D:2      | Reached skill level 1 in Axes
  1734 | D:2      | Reached XP level 4. HP: 16/38 MP: 3/5
  2441 | D:3      | Found a large runed translucent door.
  2441 | D:3      | Found a large runed translucent door.
  2446 | D:3      | Noticed krigyl's ghost (weakling PaEn)
  2742 | D:3      | Learned a level 3 spell: Frozen Ramparts
  2776 | D:3      | Reached XP level 5. HP: 16/44 MP: 4/7
  2780 | D:3      | Found a basalt altar of Yredelemnul.
  2906 | D:3      | Learned a level 2 spell: Passwall
  3080 | D:4      | Found a staircase to the Ecumenical Temple.
  3331 | D:4      | Found an iron altar of Okawaru.
  3427 | D:4      | Noticed an ogre
  3451 | D:4      | Killed an ogre
  3452 | D:4      | Reached XP level 6. HP: 47/51 MP: 4/8
  3543 | D:4      | Found a broken altar of Ashenzari.
  3597 | D:4      | Gained mutation: Your spells are a little harder to cast,
                  | but a little more powerful. [potion of mutation]
  3597 | D:4      | Gained mutation: You are agile. (Dex +2) [potion of
                  | mutation]
  3822 | D:5      | Entered Level 5 of the Dungeon
  3976 | D:5      | Identified the +1 robe "Hysecs" {rCorr Archmagi}
  4236 | D:5      | Found a glowing golden altar of the Shining One.
  4389 | D:5      | Found a shimmering altar of Xom.
  4498 | D:5      | Reached skill level 5 in Ice Magic
  4498 | D:5      | Reached XP level 7. HP: 40/58 MP: 4/10
  4498 | D:5      | Lost mutation: You are agile. (Dex +2) [potion of mutation]
  4498 | D:5      | Lost mutation: Your spells are a little harder to cast, but
                  | a little more powerful. [potion of mutation]
  4498 | D:5      | Gained mutation: You are occasionally teleported next to
                  | monsters. [potion of mutation]
  4498 | D:5      | Gained mutation: You are strong-willed. (Will+) [potion of
                  | mutation]
  4498 | D:5      | Gained mutation: Your body sometimes deteriorates upon
                  | taking damage. [potion of mutation]
  4498 | D:5      | Gained mutation: You passively dampen the noise of your
                  | surroundings. [potion of mutation]
  5204 | D:6      | Reached skill level 1 in Earth Magic
  5204 | D:6      | Reached skill level 1 in Evocations
  5297 | D:6      | Reached skill level 1 in Armour
  5297 | D:6      | Reached XP level 8. HP: 38/68 MP: 8/13
  5436 | D:6      | Reached skill level 1 in Transmutations
  5585 | D:6      | Reached skill level 5 in Spellcasting
  5673 | D:6      | Found a glowing silver altar of Zin.
  6100 | D:7      | Found a shadowy altar of Dithmenos.
  6416 | D:7      | Reached skill level 1 in Polearms
  6416 | D:7      | Gained mutation: You passively map the area around you.
                  | [Deep Dwarf growth]
  6416 | D:7      | Reached XP level 9. HP: 29/78 MP: 9/13
  6778 | D:7      | Learned a level 3 spell: Call Canine Familiar
  6778 | D:7      | Noticed a nameless horror
  6785 | D:7      | Killed a nameless horror
  7822 | D:8      | Reached skill level 5 in Armour
  7929 | D:8      | Lost mutation: You are strong-willed. (Will+) [potion of
                  | mutation]
  7929 | D:8      | Lost mutation: Your body sometimes deteriorates upon taking
                  | damage. [potion of mutation]
  7929 | D:8      | Lost mutation: You are occasionally teleported next to
                  | monsters. [potion of mutation]
  7929 | D:8      | Gained mutation: You are frail. (-10% HP) [potion of
                  | mutation]
  7929 | D:8      | Gained mutation: You are strong-willed. (Will+) [potion of
                  | mutation]
  7929 | D:8      | Gained mutation: You are somewhat resistant to further
                  | mutation. [potion of mutation]
  8130 | D:8      | Found a stormy altar of Qazlal.
  8190 | D:8      | Reached skill level 1 in Bows
  8675 | D:9      | Noticed Gastronok
  8708 | D:9      | HP: 4/105 [shot self (7)]
  8721 | D:9      | Killed from afar by Gastronok

Illustrated notes

Levels and vault maps discovered:
D:1:      sevenhm_arrival_forest_fort_large_2, layout_basic,
          dreamdust_ecumenical_altar_angels_and_demons, corner_web_ring
D:2:      layout_basic, minmay_tree_intersection, kennysheep_flooded_box,
          uniq_robin, uniq_jessica
D:3:      layout_rooms, lemuel_zombie_altar_yredelemnul,
          ebering_ghost_disaster_area
D:4:      layout_loops_cross, old_standard_altar, kennysheep_okawaru_gauntlet,
          minmay_temple_entry_drinking_statues
D:5:      layout_loops_cross, lemuel_round_altar, tso_metal_star, serial_glass,
          glass_columns_a, glass_columns_a
D:6:      layout_rooms, zin_scriptorium, kennysheep_dice
D:7:      layout_basic, nicolae_dithmenos_shadow_blocks
D:8:      layout_basic, nicolae_qazlal_eye_of_the_storm,
          hangedman_decor_diamond_cutter, nrook_mini_backslash
D:9:      minmay_general_purpose_star, layout_basic, nicolae_uskayaw_en_pointe,
          nicolae_sif_muna_little_library, erik_orc_1, minivault_5,
          nicolae_specific_store, chequers_guarded_unrand_ignorance,
          uniq_gastronok, uniq_prince_ribbit1

Skill      XL: |  1  2  3  4  5  6  7  8  9 |
---------------+----------------------------+-----
Ice Magic      | 4 5 |  5.3
Fighting       | 1 2 4 |  4.0
Axes           | 1 2 3 |  3.7
Dodging        | 3 4 |  4.1
Spellcasting   | 2 3 4 5 |  5.0
Stealth        | 3 4 |  4.3
Earth Magic    | 1 2 3 |  3.0
Evocations     | 1 3 |  3.9
Armour         | 1 4 5 |  5.6
Transmutations | 1 |  1.8
Polearms       | 1 2 |  2.0
Bows           | 2 |  2.8
Unarmed Combat | |  0.1

Action                   |  1- 3 |  4- 6 |  7- 9 || total
-------------------------+-------+-------+-------++-------
Melee: Hand axe          |    68 |   107 |    20 ||   195
       Unarmed           |     5 |       |       ||     5
       Halberd           |       |       |   159 ||   159
       War axe           |       |       |    25 ||    25
 Fire: Shortbow          |       |       |    25 ||    25
 Cast: Freeze            |    17 |    14 |     2 ||    33
       Frozen Ramparts   |       |    15 |    47 ||    62
       Passwall          |       |       |     2 ||     2
 Abil: Heal Wounds       |     2 |     3 |    17 ||    22
Evoke: Wand              |       |       |     1 ||     1
  Use: Scroll            |     2 |     9 |     8 ||    19
       Potion            |     1 |     8 |    13 ||    22
 Stab: Sleeping          |       |     3 |     2 ||     5
       Invisible         |       |       |     1 ||     1
Armor: Robe              |    41 |    33 |    41 ||   115
       Skin              |       |       |    15 ||    15
       Ring mail         |       |       |    75 ||    75
Dodge: Dodged            |    99 |   111 |   238 ||   448

Table legend: (Time is in decaauts)
 A = Elapsed time spent in this place.
 B = Non-inter-level travel time spent in this place.
 C = Inter-level travel time spent in this place.
 D = Time resting spent in this place.
 E = Time spent auto-exploring this place.
 F = Levels seen in this place.
 G = Mean time per level.
                   A        B        C        D        E       F      G
               +--------+--------+--------+--------+--------+-----+--------+
         Total |   8839 |   8838 |      1 |      0 |   2499 |   9 |  982.1 |
       Dungeon |   8839 |   8838 |      1 |      0 |   2499 |   9 |  982.1 |
               +--------+--------+--------+--------+--------+-----+--------+

Top non-repeatable levels by time:
     D:8: 1479 daAuts
     D:1: 1219 daAuts
     D:5: 1171 daAuts
     D:6: 1099 daAuts
     D:2: 1091 daAuts
     D:7: 1048 daAuts
     D:4: 877 daAuts
     D:3: 667 daAuts
     D:9: 183 daAuts
